 Dungeon Crawl Stone Soup version 0.22-a0-322-g60b3cfd (webtiles) character file.

74 4thArraOfDagon the Grave Robber (level 3, 0/26 HPs)
             Began as a Demigod Necromancer on Apr 3, 2018.
             Slain by a leopard gecko (2 damage)
             ... in a sewer.
             The game lasted 00:04:15 (827 turns).

4thArraOfDagon the Grave Robber (DgNe)               Turns: 827, Time: 00:04:16

Health: 0/26       AC:  2    Str: 11    XL:     3   Next: 85%
Magic:  0/9        EV: 12    Int: 21    God:
Gold:   68         SH:  0    Dex: 16    Spells: 3/7 levels left

rFire    . . .     SeeInvis .   b - +0 hand axe
rCold    . . .     Gourm    .   (no shield)
rNeg     . . .     Faith    .   a - +0 robe
rPois    .         Spirit   .   (no helmet)
rElec    .         Reflect  .   (no cloak)
rCorr    .         Harm     .   (no gloves)
MR       .....                  (no boots)
Stlth    ++........             (no amulet)
HPRegen  0.08/turn              (no ring)
MPRegen  0.11/turn              (no ring)

@: no status effects
A: high mp 1
a: no special abilities


You were in a sewer.
You were not hungry.

You visited 1 branch of the dungeon, and saw 3 of its levels.
You also visited: Sewer.

You collected 68 gold pieces.

Inventory:

Hand Weapons
 b - a +0 hand axe (weapon)
Armour
 a - a +0 robe (worn)
Comestibles
 c - 2 rations
 f - 4 chunks of flesh


   Skills:
 - Level 1.7 Dodging
 - Level 1.7 Stealth
 + Level 2.5 Spellcasting
 * Level 4.7 Necromancy


You had 3 spell levels left.
You knew the following spells:

 Your Spells              Type           Power        Failure   Level  Hunger
a - Pain                  Necr           ###.         1%          1    None
b - Vampiric Draining     Necr           ###.......   6%          3    ###....


Dungeon Overview and Level Annotations

Branches:
Dungeon (3/15)


Innate Abilities, Weirdness & Mutations

You have an increased reservoir of magic. (+10% MP)


Message History

Confirm with . or Enter, or press ? or * to list all spells.
Aiming: Pain (safe; 1% risk of failure)
Press: ? - help, Shift-Dir - straight line, f - giant cockroach
Aim: a giant cockroach (almost dead, chance to defeat MR: 91%)
The giant cockroach writhes in agony!
You kill the giant cockroach!
The bat hits you but does no damage. The leopard gecko bites you.
* * * LOW HITPOINT WARNING * * *
Unknown command.
Unknown command.
You aren't carrying any potions.
As you read the scroll labeled LOL AJERIORPH, it crumbles to dust.
It is a scroll of identify.
You don't have any unidentified items.
The bat hits you but does no damage.
The leopard gecko bites you but does no damage.
The leopard gecko closely misses you.
Unknown command.
The bat hits you but does no damage. x2; The leopard gecko bites you.
You die...

#####
#.l.##
##@b..##
#∩l....#
#......#
##.∩...#
#....##
##..##
#..#
#...
#.l##


You could see a leopard gecko, a bat and a frilled lizard.

Vanquished Creatures
  Terence (D:3)
  An adder (Sewer)
  A leopard gecko (D:2)
  5 giant cockroaches
  4 goblins
  5 hobgoblins
  4 jackals (D:3)
  5 kobolds
  A quokka (D:3)
  3 bats
  2 frilled lizards (D:1)
  8 rats
40 creatures vanquished.

Notes
Turn   | Place    | Note
-------+----------+-------------------------------------------
     0 | D:1      | 4thArraOfDagon the Demigod Necromancer began the quest for the Orb.
     0 | D:1      | Reached XP level 1. HP: 14/14 MP: 5/5
   159 | D:1      | Reached skill level 4 in Necromancy
   159 | D:1      | Reached XP level 2. HP: 4/20 MP: 0/7
   562 | D:3      | Noticed a sky beast
   579 | D:3      | Reached XP level 3. HP: 1/26 MP: 2/9
   586 | D:3      | Learned a level 3 spell: Vampiric Draining
   682 | D:3      | Found a glowing drain.
   697 | D:3      | Noticed Terence
   711 | D:3      | Killed Terence
   814 | Sewer    | Entered a sewer
   827 | Sewer    | Slain by a leopard gecko

Vault maps used:
D:1:      scummos_arrival_hexagon
D:2:      kennysheep_six_static_rooms
D:3:      portal_sewer_entry_a, nicolae_gozag_seed_capital, uniq_grinder,
          uniq_terence
Sewer:    sewer_fruit_machine

Skill      XL: |  1 |
---------------+----+-----
Spellcasting   | 2 |  2.5
Necromancy     | 4 |  4.7
Dodging        | |  1.7
Stealth        | |  1.7

Action                   || total
-------------------------++-------
Melee: Hand axe          ||     6
 Cast: Pain              ||    58
       Vampiric Draining ||     6
  Use: Scroll            ||     5
       Potion            ||     2
  Eat: Chunk             ||     1
Armor: Robe              ||    12
Dodge: Dodged            ||    30

Table legend:
 A = Spawn XP
 B = Non-spawn XP
 C = Spawn XP percentage of total XP
 D = Spawn monster count
 E = Non-spawn monster count
 F = Spawn count percentage of total count
 G = Total turns spent on level
                    A         B        C        D         E        F      G
               +---------+---------+-------+---------+---------+-------+---------
         Total |       0 |     106 |   0.0 |       0 |      40 |   0.0 |   827
               +---------+---------+-------+---------+---------+-------+---------
           D:1 |       0 |      27 |   0.0 |       0 |      18 |   0.0 |   446
           D:2 |       0 |      17 |   0.0 |       0 |       9 |   0.0 |    98
           D:3 |       0 |      47 |   0.0 |       0 |      11 |   0.0 |   270
         Sewer |       0 |      15 |   0.0 |       0 |       2 |   0.0 |    13
               +---------+---------+-------+---------+---------+-------+---------
